 Dungeon Crawl Stone Soup version 0.32-a0-893-gf85d74f360 (webtiles) character file.

Game seed: 13677510066100335255

2 innerfire43 the Ruffian (level 1, 0/13 HPs)
             Began as a Demonspawn Wanderer on Apr 3, 2024.
             Slain by a kobold
             ... wielding a +0 short sword
              (3 damage)
             ... on level 1 of the Dungeon.
             The game lasted 00:00:57 (99 turns).

innerfire43 the Ruffian (Demonspawn Wanderer)         Turns: 99, Time: 00:00:58

Health: 0/13       AC:  3    Str: 15    XL:     1   Next: 33%
Magic:  1/2        EV: 10    Int: 11    God:
Gold:   15         SH:  0    Dex: 10    Spells: 1/2 levels left

rFire   . . .        a - +0 club
rCold   . . .        (no shield)
rNeg    . . .        e - +0 leather armour
rPois   .            (no helmet)
rElec   .            (no cloak)
rCorr   .            (no gloves)
SInv    .            (no boots)
Will    .....        (no amulet)
Stlth   +            (no ring)
HPRegen 0.22/turn    (no ring)
MPRegen 0.08/turn

%: no passive effects
@: no status effects
A: no striking features
a: no special abilities


You were on level 1 of the Dungeon.
You visited 1 branch of the dungeon, and saw 1 of its levels.

You collected 15 gold pieces.

Inventory:

Hand Weapons
 a - a +0 club (weapon)
Armour
 e - a +0 leather armour (worn)
Wands
 c - a wand of flame (3)
Scrolls
 f - a scroll of blinking
 g - a scroll of identify {unknown}
Potions
 b - a potion of invisibility
 d - a potion of lignification


   Skills:
 + Level 0.2 Fighting
 + Level 0.1 Maces & Flails
 + Level 1.0 Armour
 + Level 4.5 Unarmed Combat
 - Level 1.0 Spellcasting
 - Level 1.0 Earth Magic
 - Level 2.0 Evocations


You had one spell level left.
You knew the following spells:

 Your Spells              Type           Power      Damage    Failure   Level
a - Sandblast             Erth           4%         2d4       26%         1

Your spell library contained the following spells:

 Spells                   Type           Power      Damage    Failure   Level
 Passwall                 Erth           2%         N/A       61%         3


Dungeon Overview and Level Annotations

Branches:
Dungeon (1/15)

Altars:


Message History

The stone hits you but does no damage.
Casting: Sandblast (safe; 26% risk of failure)
Confirm with . or Enter, or press ? or * to list all spells.
You don't have enough magic to cast this spell.
Casting: Sandblast (safe; 26% risk of failure)
Confirm with . or Enter, or press ? or * to list all spells.
You don't have enough magic to cast this spell.
Casting: Sandblast (safe; 26% risk of failure)
Confirm with . or Enter, or press ? or * to list all spells.
You don't have enough magic to cast this spell.
You hit the endoplasm.
The endoplasm is severely wounded.
The endoplasm barely misses you.
You hit the endoplasm.
You kill the endoplasm!
Found a scroll labelled COUNESTRAGO.
The kobold barely misses you.
You closely miss the kobold.
The kobold hits you with a +0 short sword.
You closely miss the kobold.
The kobold hits you with a +0 short sword.
The kobold closely misses you.
You are too injured to fight recklessly!
You are too injured to fight recklessly!
You are too injured to fight recklessly!
Casting: Sandblast (safe; 26% risk of failure)
Confirm with . or Enter, or press ? or * to list all spells.
You don't have enough magic to cast this spell.
Unknown command.
You closely miss the kobold.
The kobold hits you with a +0 short sword.
* * * LOW HITPOINT WARNING * * *
Your magical contamination has completely faded away.
You hit the kobold but do no damage. The kobold hits you but does no damage.
You hit the kobold.
The kobold is moderately wounded.
The kobold barely misses you. x2
You hit the kobold but do no damage.
The kobold is moderately wounded.
The kobold hits you with a +0 short sword.
You die...

# #.##.##.##.#
.#
#..##.##.##.#
.#
##+##........#
.#
##ß.ß##.#..####
.#
##.....###..#
.#
#ß.....ß##..#
?........##.#
......K.$ß#.#
....!..@..'.#
.........ß###
.........##
#ß.....ß##
##.....##
##ß.ß# ##+#


You could see a kobold.

Vanquished Creatures
  An endoplasm (D:1)
  A goblin (D:1)
2 creatures vanquished.

Notes
Turn   | Place    | Note
-------+----------+-------------------------------------------
     0 | D:1      | innerfire43 the Demonspawn Wanderer began the quest for the
                  | Orb.
     0 | D:1      | innerfire43 set off with the following items: a +0 club, a
                  | potion of invisibility, a wand of flame (3), a potion of
                  | lignification, a +0 leather armour, a scroll of blinking;
                  | and the following spell memorised: Sandblast; and the
                  | following spells available to memorise: Passwall.
     0 | D:1      | Reached XP level 1. HP: 13/13 MP: 2/2
    99 | D:1      | Slain by a kobold

Illustrated notes

Levels and vault maps discovered:
D:1:      ncdulo_lavacross, layout_loops_ring, dk_noncrumbling_4

Action                     || total
---------------------------++-------
  Melee: Club              ||     8
   Cast: Sandblast         ||     2
 Armour: Leather armour    ||     6
  Dodge: Dodged            ||     9

Table legend: (Time is in decaauts)
 A = Elapsed time spent in this place.
 B = Non-inter-level travel time spent in this place.
 C = Inter-level travel time spent in this place.
 D = Time resting spent in this place.
 E = Time spent auto-exploring this place.
 F = Levels seen in this place.
 G = Mean time per level.
                   A        B        C        D        E       F      G
               +--------+--------+--------+--------+--------+-----+--------+
         Total |    102 |    102 |      0 |      0 |     78 |   1 |  102.0 |
       Dungeon |    102 |    102 |      0 |      0 |     78 |   1 |  102.0 |
               +--------+--------+--------+--------+--------+-----+--------+

Top non-repeatable levels by time:
     D:1: 102 daAuts
